 Dungeon Crawl Stone Soup version 0.22.1-2-g9c5b331 (webtiles) character file.

783 Goblin1989 the Ducker (level 7, -7/56 HPs)
             Began as a Gnoll Gladiator on Nov 22, 2018.
             Mangled by a troll (9 damage)
             ... on level 4 of the Dungeon.
             The game lasted 00:09:18 (4971 turns).

Goblin1989 the Ducker (Gnoll Gladiator)             Turns: 4971, Time: 00:09:19

Health: -7/56      AC:  4    Str: 17    XL:     7   Next: 86%
Magic:  11/11      EV: 14    Int: 12    God:
Gold:   212        SH:  9    Dex: 16    Spells: 11/11 levels left

rFire    . . .     SeeInvis .   a - +0 war axe
rCold    . . .     Gourm    .   M - +0 shield
rNeg     . . .     Faith    .   b - +0 leather armour
rPois    .         Spirit   .   c - +0 helmet
rElec    .         Reflect  .   (no cloak)
rCorr    +         Harm     .   (no gloves)
MR       .....                  (no boots)
Stlth    ++........             (no amulet)
HPRegen  0.18/turn              g - ring of resist corrosion
MPRegen  0.12/turn              (no ring)

@: no status effects
A: distributed training, fangs 1, strong nose
a: no special abilities


You were on level 4 of the Dungeon.
You were very hungry.

You visited 1 branch of the dungeon, and saw 4 of its levels.

You collected 212 gold pieces.

Inventory:

Hand Weapons
 a - a +0 war axe (weapon)
 L - a +0 quarterstaff
 N - a +3 hunting sling
 S - a +0 dagger of draining
Missiles
 P - 29 arrows
 Q - 185 stones {@Q3}
 R - 30 sling bullets
 Z - a throwing net (quivered) {!d , @Q1}
Armour
 b - a +0 leather armour (worn)
 c - a +0 helmet (worn)
 H - a +2 hat
 M - a +0 shield (worn)
Jewellery
 g - a ring of resist corrosion (left hand)
 V - a cursed -5 ring of evasion {unknown}
Scrolls
 E - a scroll of fog {unknown}
 F - a scroll of enchant armour {unknown}
 I - a scroll of noise {unknown}
 K - a scroll of random uselessness {unknown}
 O - a scroll of blinking {unknown}
 T - 2 scrolls of identify {unknown}
 U - a scroll of immolation {unknown}
 Y - 3 scrolls of remove curse {unknown}
Potions
 D - a potion of brilliance {unknown}
 G - a potion of berserk rage {unknown}
 J - a potion of flight
 W - 2 potions of curing {@q1}
 X - a potion of might {@q4}
Comestibles
 e - 8 rations


   Skills:
 + Level 5.3 Fighting
 + Level 2.7 Short Blades
 + Level 2.7 Long Blades
 + Level 7.1 Axes
 + Level 2.7 Maces & Flails
 + Level 2.7 Polearms
 + Level 2.7 Staves
 + Level 2.7 Slings
 + Level 2.7 Bows
 + Level 2.7 Crossbows
 + Level 5.3 Throwing
 + Level 2.7 Armour
 + Level 7.1 Dodging
 + Level 2.7 Stealth
 + Level 2.7 Shields
 + Level 2.7 Unarmed Combat
 + Level 2.7 Spellcasting
 + Level 2.2 Conjurations
 + Level 2.2 Hexes
 + Level 2.2 Charms
 + Level 2.2 Summonings
 + Level 2.2 Necromancy
 + Level 2.2 Translocations
 + Level 2.2 Transmutations
 + Level 2.2 Fire Magic
 + Level 2.2 Ice Magic
 + Level 2.2 Air Magic
 + Level 2.2 Earth Magic
 + Level 2.2 Poison Magic
 + Level 3.0 Invocations
 + Level 2.7 Evocations


You had 11 spell levels left.
You didn't know any spells.
Your spell library contained the following spells:

 Spells                   Type           Power        Failure   Level  Hunger
 Freeze                   Ice            #...         52%         1    #......
 Magic Dart               Conj           #...         52%         1    #......
 Blink                    Tloc           N/A          67%         2    ###....
 Call Imp                 Summ           #.......     67%         2    ###....
 Slow                     Hex            #.......     67%         2    ###....
 Throw Frost              Conj/Ice       #.....       67%         2    ###....
 Conjure Flame            Conj/Fire      #.......     88%         3    ###....
 Mephitic Cloud           Conj/Pois/Air  #.......     88%         3    ###....
 Ozocubu's Armour         Chrm/Ice       #.......     88%         3    ###....
 Summon Ice Beast         Ice/Summ       #.......     99%         4    #####..
 Throw Icicle             Conj/Ice       #.......     99%         4    #####..


Dungeon Overview and Level Annotations

Branches:
Dungeon (4/15)
 Temple: D:4-7

Altars:
Sif Muna
Wu Jian


Innate Abilities, Weirdness & Mutations

Your experience applies equally to all skills.
You have very sharp teeth.
Your uncanny sense of smell can sniff out nearby items.


Message History

No target in view!
No target in view!
No target in view!
No target in view!
No target in view!
Magic restored.
Some of the chunks of flesh in your inventory have rotted away.
All of the chunks of flesh in your inventory have rotted away.
Key pressed, stopping explore.
e - 7 rations (gained 1) Health restored: 56; MP restored: 11 You are feeling hungry.
Key pressed, stopping explore.
e - 8 rations (gained 1)
You now have 212 gold pieces (gained 9).
Key pressed, stopping explore.
You see here a dagger.
G - a sedimented inky potion Key pressed, stopping explore.
D - a sedimented yellow potion You are feeling very hungry.
(D) Dungeon
Where to? (Enter - D:3 @ (x,y), ? - help)
You see here a giant club.
The troll is too close now for your liking.
Unknown command.
The troll shouts!
You slash the troll!
The troll is lightly wounded.
The troll bites you but does no damage. The troll closely misses you.
The troll claws you.
You take 6 damage, and have 50/56 hp.
You barely miss the troll. You bite the troll, but do no damage.
The troll is lightly wounded.
The troll misses you. The troll claws you.
The troll claws you but does no damage.
You take 2 damage, and have 48/56 hp.
You closely miss the troll.
The troll is lightly wounded.
The troll bites you! The troll misses you. You block the troll's attack.
You take 12 damage, and have 36/56 hp.
MASSIVE DAMAGE!!
You completely miss the troll.
The troll is lightly wounded.
The troll bites you! The troll misses you. The troll barely misses you.
You take 8 damage, and have 28/56 hp.
You are too injured to fight recklessly!
You are too injured to fight recklessly!
You are too injured to fight recklessly!
You are too injured to fight recklessly!
You are too injured to fight recklessly!
You are too injured to fight recklessly!
You are too injured to fight recklessly!
You are too injured to fight recklessly!
You are too injured to fight recklessly!
You are too injured to fight recklessly!
You are too injured to fight recklessly!
You are too injured to fight recklessly!
You are too injured to fight recklessly!
You are too injured to fight recklessly!
You are too injured to fight recklessly!
You are too injured to fight recklessly!
You are too injured to fight recklessly!
You are too injured to fight recklessly!
You are too injured to fight recklessly!
You are too injured to fight recklessly!
You are too injured to fight recklessly!
You are too injured to fight recklessly!
You closely miss the troll. Your bite misses the troll.
The troll is lightly wounded.
The troll bites you!
* * * LOW HITPOINT WARNING * * *
You block the troll's attack. x2; The troll bites you but does no damage.
The troll claws you.
* * * LOW HITPOINT WARNING * * *
The troll claws you but does no damage.
You take 14 damage, and have 14/56 hp.
MASSIVE DAMAGE!!
Throwing (i - inventory. (/) - cycle)
Z - 2 throwing nets (quivered)
{!d , @Q1}
Press: ? - help, Shift-Dir - straight line, f - troll
Aim: a troll You throw a throwing net {!d , @Q1}.
The throwing net {!d , @Q1} hits the troll.
The troll is caught in the net!
The troll struggles against the net.
You slash the troll! You bite the troll, but do no damage.
The troll is moderately wounded.
The troll struggles against the net.
You hit the troll.
The troll is heavily wounded.
The troll struggles against the net.
You hit the troll.
The troll is heavily wounded.
The troll struggles against the net.
You strike the helpless troll from behind!
You hit the troll.
The troll is heavily wounded.
The troll struggles against the net.
The net rips apart, and the troll comes free!
The troll bites you!
* * * LOW HITPOINT WARNING * * *
The troll claws you!
You die...

......█.█ ......█.█
........█ █.██ ........█
██....██ ........█
██......█ █.......███
██........ ...█████..██
██......... ███ ██..██
██.......... ██.@██
██...........
█████████T███............
............█............
..........█.)█...........
..........██.............
..........████...........
..>.......█ █...........
...........█ ██..██......
...........█ █..█████...


You could see a troll.

Vanquished Creatures
  2 ogres (D:4)
  A howler monkey (D:4)
  A hound (D:4)
  2 centaur skeletons (D:4)
  Jessica (D:3)
  Natasha (thrice) (D:2)
  5 worker ants
  7 gnolls (D:2)
  9 adders
  An ooze (D:2)
  6 worms
  3 dart slugs
  2 leopard geckos
  3 orcs
  A ball python (D:2)
  4 giant cockroaches
  10 goblins
  10 hobgoblins
  5 quokkas
  7 bats
  7 frilled lizards
  A giant cockroach zombie (D:4)
  9 kobolds
  24 rats
124 creatures vanquished.

Notes
Turn   | Place    | Note
-------+----------+-------------------------------------------
     0 | D:1      | Goblin1989 the Gnoll Gladiator began the quest for the Orb.
     0 | D:1      | Reached XP level 1. HP: 20/20 MP: 1/1
    29 | D:1      | Reached XP level 2. HP: 26/26 MP: 2/2
   229 | D:1      | Reached XP level 3. HP: 29/31 MP: 3/3
   688 | D:1      | Reached skill level 1 in Invocations
   929 | D:2      | Reached skill level 1 in Short Blades
   929 | D:2      | Reached skill level 1 in Long Blades
   929 | D:2      | Reached skill level 1 in Maces & Flails
   929 | D:2      | Reached skill level 1 in Polearms
   929 | D:2      | Reached skill level 1 in Staves
   929 | D:2      | Reached skill level 1 in Slings
   929 | D:2      | Reached skill level 1 in Bows
   929 | D:2      | Reached skill level 1 in Crossbows
   929 | D:2      | Reached skill level 1 in Armour
   929 | D:2      | Reached skill level 1 in Stealth
   929 | D:2      | Reached skill level 1 in Shields
   929 | D:2      | Reached skill level 1 in Unarmed Combat
   929 | D:2      | Reached skill level 1 in Spellcasting
   929 | D:2      | Reached skill level 1 in Evocations
   929 | D:2      | Reached XP level 4. HP: 29/38 MP: 5/5
  1351 | D:2      | Reached skill level 1 in Conjurations
  1351 | D:2      | Reached skill level 1 in Hexes
  1351 | D:2      | Reached skill level 1 in Charms
  1351 | D:2      | Reached skill level 1 in Summonings
  1351 | D:2      | Reached skill level 1 in Necromancy
  1351 | D:2      | Reached skill level 1 in Translocations
  1351 | D:2      | Reached skill level 1 in Transmutations
  1351 | D:2      | Reached skill level 1 in Fire Magic
  1351 | D:2      | Reached skill level 1 in Ice Magic
  1351 | D:2      | Reached skill level 1 in Air Magic
  1351 | D:2      | Reached skill level 1 in Earth Magic
  1351 | D:2      | Reached skill level 1 in Poison Magic
  1543 | D:2      | Reached XP level 5. HP: 43/43 MP: 6/6
  1748 | D:2      | Noticed Natasha
  1815 | D:2      | Killed Natasha
  2101 | D:2      | Noticed Natasha
  2108 | D:2      | Killed Natasha
  2113 | D:2      | Reached XP level 6. HP: 41/50 MP: 8/8
  2137 | D:2      | Noticed Natasha
  2144 | D:2      | Killed Natasha
  2647 | D:3      | Found an ornate altar of the Wu Jian Council.
  3094 | D:3      | Reached skill level 5 in Fighting
  3094 | D:3      | Reached skill level 5 in Throwing
  3216 | D:3      | Noticed Jessica
  3223 | D:3      | Found a deep blue altar of Sif Muna.
  3240 | D:3      | Killed Jessica
  3599 | D:4      | Reached XP level 7. HP: 16/56 MP: 10/10
  4427 | D:4      | Noticed a troll
  4971 | D:4      | HP: 2/56 [troll (14)]
  4971 | D:4      | Mangled by a troll

Skill      XL: |  1  2  3  4  5  6  7 |
---------------+----------------------+-----
Invocations    | 1 2 3 |  3.0
Short Blades   | 1 2 |  2.7
Long Blades    | 1 2 |  2.7
Maces & Flails | 1 2 |  2.7
Polearms       | 1 2 |  2.7
Staves         | 1 2 |  2.7
Slings         | 1 2 |  2.7
Bows           | 1 2 |  2.7
Crossbows      | 1 2 |  2.7
Armour         | 1 2 |  2.7
Stealth        | 1 2 |  2.7
Shields        | 1 2 |  2.7
Unarmed Combat | 1 2 |  2.7
Spellcasting   | 1 2 |  2.7
Evocations     | 1 2 |  2.7
Conjurations   | 1 2 |  2.2
Hexes          | 1 2 |  2.2
Charms         | 1 2 |  2.2
Summonings     | 1 2 |  2.2
Necromancy     | 1 2 |  2.2
Translocations | 1 2 |  2.2
Transmutations | 1 2 |  2.2
Fire Magic     | 1 2 |  2.2
Ice Magic      | 1 2 |  2.2
Air Magic      | 1 2 |  2.2
Earth Magic    | 1 2 |  2.2
Poison Magic   | 1 2 |  2.2
Fighting       | 5 |  5.3
Throwing       | 5 |  5.3
Axes           | 7 |  7.1
Dodging        | 7 |  7.1

Action                   |  1- 3 |  4- 6 |  7- 9 || total
-------------------------+-------+-------+-------++-------
Melee: War axe           |    89 |   166 |    88 ||   343
       Bite              |     7 |    16 |     9 ||    32
       Unarmed           |       |    15 |       ||    15
Throw: Throwing net      |       |       |     2 ||     2
  Use: Potion            |       |     4 |       ||     4
 Stab: Sleeping          |     1 |     4 |     2 ||     7
       Held in net/web   |       |       |     1 ||     1
  Eat: Chunk             |       |     9 |     3 ||    12
Armor: Leather armour    |    13 |    15 |    14 ||    42
       Skin              |       |     5 |       ||     5
Dodge: Dodged            |    90 |   141 |    52 ||   283
Block: Shield            |       |       |    41 ||    41

Vault maps used:
D:1:      erik_arrival_orb_chamber, minmay_pentomino_r4
D:2:      first_ration, uniq_natasha
D:3:      nicolae_overflow_crystal_walls, tgw_sif
D:4:      st_stairs_9, minmay_bent
